 Dungeon Crawl Stone Soup version 0.13-b1-9-g87fe349 (webtiles) character file.

303 Kae the Ruinous (level 5, -3/28 HPs)
             Began as a Tengu Fire Elementalist on Sept 29, 2013.
             Killed by divine providence
             ... invoked by an orc priest
              (7 damage)
             ... on Level 3 of the Dungeon.
             The game lasted 00:07:09 (2512 turns).

Kae the Ruinous (Tengu Fire Elementalist)           Turns: 2512, Time: 00:07:10

HP  -3/28        AC  2     Str  9      XL: 5   Next: 33%
MP   0/20        EV 12     Int 16      God:
Gold 152         SH  0     Dex 14      Spells:  1 memorised,  7 levels left

Res.Fire  : . . .   See Invis. : .   t - -1,+3 orc flail
Res.Cold  : . . .   Warding    : .   a - +0 robe
Life Prot.: . . .   Conserve   : .   (no shield)
Res.Poison: .       Res.Corr.  : .   (helmet restricted)
Res.Elec. : .       Clarity    : .   (no cloak)
Sust.Abil.: . .     Spirit.Shd : +   (no gloves)
Res.Mut.  : .       Stasis     : .   (boots unavailable)
Res.Rott. : .       Flight     : .   e - amulet of guardian spirit
Saprovore : . . .                    q - ring of magical power
                                     o - ring of sustenance

@: very slightly contaminated, slightly resistant to hostile enchantments,
fairly stealthy
A: able to fly, beak, talons 3
a: Fly


You were on level 3 of the Dungeon.
You were very hungry.

You visited 1 branch of the dungeon, and saw 3 of its levels.

You collected 132 gold pieces.

Inventory:

Hand weapons
 k - a +1,+0 elven dagger
 t - a -1,+3 orcish flail (weapon)
Missiles
 h - a poisoned dart (quivered)
 p - 24 darts
Armour
 a - a +0 robe (worn)
Comestibles
 c - 2 bread rations
 f - 4 meat rations
 u - an apple
Scrolls
 d - a scroll of amnesia {unknown}
 g - 4 scrolls of teleportation {unknown}
 i - a scroll of noise {unknown}
 j - 2 scrolls of fog {unknown}
 v - a scroll of identify {unknown}
Jewellery
 e - an amulet of guardian spirit (around neck)
 o - a ring of sustenance (left hand)
 q - a ring of magical power (right hand)
Potions
 l - a potion of speed {unknown}
 m - a potion of curing {unknown}
 n - a potion of confusion {unknown}
 r - a potion of magic {unknown}
 s - a potion of poison {unknown}
 w - a potion of porridge {unknown}
Books
 b - a book of Flames

   Spells                             Type                      Level
   *Flame Tongue                      Conjuration/Fire             1
   Throw Flame                        Conjuration/Fire             2
   Conjure Flame                      Conjuration/Fire             3
   Inner Flame                        Hexes/Fire                   3
   Sticky Flame                       Conjuration/Fire             4
   Fireball                           Conjuration/Fire             5


   Skills:
 - Level 2.1 Dodging
 - Level 2.0 Stealth
 + Level 2.3 Spellcasting
 * Level 4.8 Conjurations
 + Level 4.1 Fire Magic


You had 7 spell levels left.
You knew the following spells:

 Your Spells              Type           Power        Failure   Level  Hunger
a - Flame Tongue          Conj/Fire      ###..        3%          1    #......


Dungeon Overview and Level Annotations

Branches:
Dungeon (3/27)

Altars:
Xom

Annotations:
D:3 Sigmund


Innate Abilities, Weirdness & Mutations

You can fly.
You have a beak for a mouth.
You have claws for feet.


Message History

Casting: Flame Tongue
Confirm with . or Enter, or press ? or * to list all spells.
Aiming: Flame Tongue
Press: ? - help, Shift-Dir - straight line, f/p - orc priest
Aim: an orc priest, wielding an orcish club and wearing an orcish chain mail The flame hits the orc priest.
The orc priest appears unharmed.
The orc priest invokes the aid of Beogh against you.
Something smites you!
Casting: Flame Tongue
Confirm with . or Enter, or press ? or * to list all spells.
Aiming: Flame Tongue
Press: ? - help, Shift-Dir - straight line, f/p - orc priest
Aim: an orc priest, wielding an orcish club and wearing an orcish chain mail The flame hits the orc priest.
The orc priest is moderately wounded.
The orc priest hits you with an orcish club!
* * * LOW HITPOINT WARNING * * *
The orc priest mumbles some strange prayers to Beogh against you.
Something smites you!
You die...

#....# #........... ####....#
#........... '#######.......#
####...........
.........########.......##'##...
................+...>...+.......
......#......o##.......#####...
......#.......'o.....#....#....
......#......o######.#.##.#....
#.#'#.#.###.!.@)..##.#.##.#....
#.#.#.#.# #######(##.#..#.#....
#.#..<#.# #.# ##.#.#.###
#.###.#.#########.# #.#.#.# #
#.....#...........# #.#.#.###
################### #.#.#....
#.#.#.... #.#.#.... #.#......


You could see 2 orc priests.

Vanquished Creatures
  A giant frog (D:3)
  A jelly (D:3)
  An adder (D:2)
  A giant mite (D:2)
  2 oozes
  3 orcs (D:3)
  4 bats (D:1)
  2 giant cockroaches
  4 hobgoblins (D:1)
  2 jackals (D:2)
  4 giant newts
  7 goblins
  5 kobolds
  6 rats
43 creatures vanquished.

Notes
Turn   | Place    | Note
--------------------------------------------------------------
     0 | D:1      | Kae, the Tengu Fire Elementalist, began the quest for the Orb.
     0 | D:1      | Reached XP level 1. HP: 10/10 MP: 3/3
   377 | D:1      | Reached XP level 2. HP: 15/15 MP: 5/5
  1112 | D:2      | Reached XP level 3. HP: 19/19 MP: 5/7
  1398 | D:2      | Found a shimmering altar of Xom.
  1900 | D:3      | Noticed Sigmund
  2047 | D:3      | Reached XP level 4. HP: 24/24 MP: 8/8
  2223 | D:3      | Noticed a giant frog
  2232 | D:3      | Killed a giant frog
  2232 | D:3      | Reached skill level 4 in Conjurations
  2232 | D:3      | Reached XP level 5. HP: 19/28 MP: 7/11
  2512 | D:3      | Killed from afar by an orc priest

Action                   |  1- 3 |  4- 6 || total
-------------------------+-------+-------++-------
Melee: Unarmed           |    28 |       ||    28
       Flail             |       |     1 ||     1
Throw: Dart              |     1 |       ||     1
 Cast: Flame Tongue      |    57 |    23 ||    80
